 Dungeon Crawl Stone Soup version 0.22.1-2-g9c5b331 (webtiles) character file.

492 magicm the Chopper (level 6, -5/55 HPs)
             Began as a Minotaur Fighter on Nov 23, 2018.
             Killed by divine providence
             ... invoked by an orc priest
              (11 damage)
             ... on level 4 of the Dungeon.
             The game lasted 00:09:41 (2999 turns).

magicm the Chopper (Minotaur Fighter)               Turns: 2999, Time: 00:09:42

Health: -5/55      AC: 14    Str: 20    XL:     6   Next: 91%
Magic:  5/5        EV:  6    Int:  5    God:
Gold:   118        SH: 11    Dex: 12    Spells: 5/5 levels left

rFire    x . .     SeeInvis .   a - +0 war axe
rCold    + . .     Gourm    .   c - +1 shield
rNeg     . . .     Faith    .   r - +1 chain mail
rPois    .         Spirit   .   (helmet restricted)
rElec    .         Reflect  .   q - +2 cloak
rCorr    .         Harm     .   (no gloves)
MR       .....                  (no boots)
Stlth    ..........             (no amulet)
HPRegen  0.18/turn              n - ring of ice
MPRegen  0.09/turn              (no ring)

@: no status effects
A: retaliatory headbutt, horns 2
a: no special abilities


You were on level 4 of the Dungeon.
You were not hungry.

You visited 1 branch of the dungeon, and saw 4 of its levels.

You collected 118 gold pieces.

Inventory:

Hand Weapons
 a - a +0 war axe (weapon)
Armour
 c - a +1 shield (worn)
 q - a +2 cloak (worn)
 r - a +1 chain mail (worn)
Jewellery
 m - an uncursed amulet of faith
 n - a ring of ice (left hand)
Wands
 o - a wand of enslavement (10)
Scrolls
 e - 2 scrolls of teleportation
 g - 2 scrolls of blinking
Potions
 d - a potion of might
 h - 2 potions of curing
 i - 2 potions of flight {unknown}
 j - a potion of brilliance {unknown}
 k - a potion of haste {unknown}
 l - a potion of invisibility {unknown}
Comestibles
 f - 2 rations


   Skills:
 + Level 4.8 Fighting
 + Level 5.8 Axes
 + Level 5.3 Armour
 + Level 1.3 Dodging
 + Level 0.3 Stealth
 + Level 5.4 Shields


You had 5 spell levels left.
You didn't know any spells.
Your spell library was empty.

Dungeon Overview and Level Annotations

Branches:
Dungeon (4/15)
 Temple: D:4-7

Altars:
Ru


Innate Abilities, Weirdness & Mutations

You reflexively headbutt those who attack you in melee.
You have a pair of horns on your head.


Message History

A puff of flame appears from out of thin air!
The puff of flame hits you!
The orc wizard gestures at you while chanting.
The magic dart hits something.
You bump into the rock wall.
You hear some strange, mumbled words.
A puff of flame appears from out of thin air!
The puff of flame hits you!
You're too confused to move!
You feel less confused. The orc hits you but does no damage.
The orc wizard gestures at you while chanting.
The magic dart hits you!
* * * LOW HITPOINT WARNING * * *
Something hits you but does no damage.
You hear some strange, mumbled words.
Something tries to affect you, but you resist.
The orc priest mumbles some strange prayers to Beogh against you.
Beogh smites you!
You die...

#...... #.#....## #
#......## ###.
#.####.# ....### .
#.## #..... ### ##.#
##.....## ..# . #..
#.......###.# .. ##.
#@.#..###.....##..
##o{............##
##o............#
##o........##..#
###o....... #.#
###.........# #..
#...#........ ##.
#..o####........#####.
#.. #.#######......


You could see an orc priest, 2 orc wizards and an orc.

Vanquished Creatures
  Grinder (D:3)
  A centaur skeleton (D:4)
  Crazy Yiuf (D:2)
  2 orc wizards (D:4)
  An iguana (D:4)
  Robin (D:3)
  5 adders
  2 oozes (D:1)
  A dart slug (D:2)
  7 leopard geckos
  9 orcs
  10 bats
  4 giant cockroaches
  15 goblins
  8 hobgoblins
  4 jackals (D:3)
  3 frilled lizards
  7 kobolds
  9 rats
91 creatures vanquished.

Notes
Turn   | Place    | Note
-------+----------+-------------------------------------------
     0 | D:1      | magicm the Minotaur Fighter began the quest for the Orb.
     0 | D:1      | Reached XP level 1. HP: 19/19 MP: 0/0
    75 | D:1      | Reached XP level 2. HP: 27/27 MP: 1/1
   269 | D:1      | Reached XP level 3. HP: 30/33 MP: 2/2
  1105 | D:2      | Found a runed door.
  1158 | D:2      | You fall through a shaft for 2 floors!
  1162 | D:4      | Reached XP level 4. HP: 24/40 MP: 3/3
  1383 | D:4      | Reached XP level 5. HP: 29/47 MP: 4/4
  1543 | D:4      | Found a sacrificial altar of Ru.
  1652 | D:3      | Noticed Grinder
  1677 | D:3      | Reached skill level 1 in Dodging
  1694 | D:3      | Killed Grinder
  1694 | D:3      | Reached skill level 5 in Axes
  1694 | D:3      | Reached skill level 5 in Armour
  1694 | D:3      | Reached skill level 5 in Shields
  1694 | D:3      | Reached XP level 6. HP: 19/53 MP: 5/5
  2193 | D:2      | Noticed Crazy Yiuf
  2197 | D:2      | Killed Crazy Yiuf
  2568 | D:3      | Noticed Robin
  2596 | D:3      | Killed Robin
  2999 | D:4      | Killed from afar by an orc priest

Skill      XL: |  1  2  3  4  5 |
---------------+----------------+-----
Armour         | 4 5 |  5.3
Shields        | 4 5 |  5.4
Axes           | 3 4 5 |  5.8
Fighting       | 4 |  4.8
Dodging        | 1 |  1.3
Stealth        | |  0.3

Action                   |  1- 3 |  4- 6 || total
-------------------------+-------+-------++-------
Melee: War axe           |    85 |   156 ||   241
       Headbutt          |    11 |    23 ||    34
  Use: Scroll            |     5 |     4 ||     9
 Stab: Paralysed         |       |     1 ||     1
  Eat: Ration            |     1 |     1 ||     2
Armor: Scale mail        |    40 |    35 ||    75
       Chain mail        |       |    40 ||    40
Dodge: Dodged            |    33 |    46 ||    79
Block: Shield            |    50 |    97 ||   147
